 Dungeon Crawl Stone Soup version 0.30-a0-862-g1aabd4f9c5 (webtiles) character file.

Game seed: 12560462972855140272

6 Ge0ff the Trooper (level 1, -2/21 HPs)
             Began as a Naga Fighter on Mar 9, 2023.
             Slain by a gnoll
             ... wielding a +0 flail
              (9 damage)
             ... on level 1 of the Dungeon.
             The game lasted 00:00:54 (152 turns).

Ge0ff the Trooper (Naga Fighter)                     Turns: 152, Time: 00:00:55

Health: -2/21      AC:  3    Str: 18    XL:     1   Next: 90%
Magic:  1/1        EV:  7    Int:  8    God:
Gold:   0          SH:  4    Dex: 10    Spells: 0/0 levels left

rFire   . . .      SeeInvis +    a - +0 rapier
rCold   . . .      Faith    .    c - +0 buckler
rNeg    . . .      Spirit   .    b - +0 scale mail
rPois   +          Reflect  .    (no helmet)
rElec   .          Rampage  .    (no cloak)
rCorr   .                        (no gloves)
Will    .....                    (no barding) Stlth
                                 (no amulet)
HPRegen 0.23/turn                (no ring)
MPRegen 0.07/turn                (no ring)

@: short of breath, very slow
A: AC +0, large, see invisible, deformed body, poison resistance, slowness 2,
spit poison 1, naga tail 1
a: Spit Poison


You were on level 1 of the Dungeon.
You visited 1 branch of the dungeon, and saw 1 of its levels.

Inventory:

Hand Weapons
 a - a +0 rapier (weapon)
Armour
 b - a +0 scale mail (worn)
 c - a +0 buckler (worn)
Jewellery
 O - a ring of wizardry
Scrolls
 N - a scroll of enchant weapon {unknown}
 P - a scroll of butterflies {unknown}
 R - a scroll of fog {unknown}
 S - a scroll of teleportation {unknown}
Potions
 M - a potion of might
 Q - a potion of curing {unknown}


   Skills:
 - Level 3.0 Fighting
 + Level 2.3 Short Blades
 - Level 2.4 Armour
 + Level 0.6 Dodging
 - Level 2.6 Shields


You couldn't memorise any spells.
You didn't know any spells.
Your spell library was empty.

Dungeon Overview and Level Annotations

Branches:
Dungeon (1/15) Zot: 5808

Altars:


Innate Abilities, Weirdness & Mutations

Your serpentine skin is tough. (AC +0)
You have supernaturally acute eyesight. (SInv)
Armour fits poorly on your strangely shaped body.
Your system is resistant to poisons. (rPois)
You cover ground very slowly.
You can spit poison.
You have a snake-like lower body.


Message History

The quokka bites you but does no damage.
You hit the quokka.
The quokka is almost dead.
You have got your breath back.
The quokka bites you but does no damage.
You hit the quokka.
You kill the quokka!
You see here a quokka corpse.
Q - a coppery potion A kobold comes into view.
It is wielding a +0 whip.
The kobold shouts!
The splash of poison hits the kobold.
The kobold is poisoned.
You kill the kobold!
You have got your breath back.
A ball python comes into view.
The ball python hisses angrily.
The splash of poison hits the ball python!
You kill the ball python!
You see here a ball python corpse.
You have got your breath back.
R - a scroll labelled DIAWNA KICAMEOSUUN
S - a scroll labelled XAPRAO NATS
There is a shaft here.
A gnoll comes into view. It is wielding a +0 flail.
The gnoll shouts!
The splash of poison hits the gnoll!
The gnoll is poisoned.
The gnoll is severely wounded.
The gnoll looks more healthy.
You barely miss the gnoll.
The gnoll is severely wounded.
You have got your breath back.
The gnoll barely misses you.
You closely miss the gnoll.
The gnoll is severely wounded.
The gnoll closely misses you.
Use which ability? (? or * to list)
Aiming: Spit Poison (3% risk of failure)
Press: ? - help, Shift-Dir - straight line, f/p - gnoll
Aim: a gnoll, wielding a +0 flail (severely wounded, 59% to hit)
The splash of poison misses the gnoll.
The gnoll hits you with a +0 flail.
You closely miss the gnoll.
The gnoll is severely wounded.
The gnoll hits you with a +0 flail!
You barely miss the gnoll.
The gnoll is severely wounded.
The gnoll barely misses you.
You hit the gnoll but do no damage.
The gnoll is severely wounded.
The gnoll hits you with a +0 flail!
You die...

..... ... ... #.# #.#
######### #.# #.......# #.#
#.......###g# #....†.....@##
#.......###..### #......^#
#....# #.......# ####.## ##
#.......# #..## #.# ##.
######.########..#####.###..
#.##............#.##...
#.##........###.#.##...
#.##..............##...


You could see a gnoll.

Vanquished Creatures
  A ball python (D:1)
  An endoplasm (D:1)
  A hobgoblin (D:1)
  A quokka (D:1)
  A kobold (D:1)
5 creatures vanquished.

Notes
Turn   | Place    | Note
-------+----------+-------------------------------------------
     0 | D:1      | Ge0ff the Naga Fighter began the quest for the Orb.
     0 | D:1      | Reached XP level 1. HP: 21/21 MP: 1/1
   152 | D:1      | Slain by a gnoll

Illustrated notes

Levels and vault maps discovered:
D:1:      dpeg_arrival_orchard, layout_basic, ebering_ecumenical_altar_rust

Action                     || total
---------------------------++-------
  Melee: Rapier            ||    15
Ability: Spit Poison       ||     7
 Armour: Scale mail        ||     3
  Dodge: Dodged            ||     4
  Block: Buckler           ||     3

Table legend: (Time is in decaauts)
 A = Elapsed time spent in this place.
 B = Non-inter-level travel time spent in this place.
 C = Inter-level travel time spent in this place.
 D = Time resting spent in this place.
 E = Time spent auto-exploring this place.
 F = Levels seen in this place.
 G = Mean time per level.
                   A        B        C        D        E       F      G
               +--------+--------+--------+--------+--------+-----+--------+
         Total |    190 |    190 |      0 |      0 |    118 |   1 |  190.0 |
       Dungeon |    190 |    190 |      0 |      0 |    118 |   1 |  190.0 |
               +--------+--------+--------+--------+--------+-----+--------+

Top non-repeatable levels by time:
     D:1: 190 daAuts
